Map: Dusk Towers

Players

Organic

  • Race: Zerg Zerg
  • League: Silver

CaptNiebla - Winner!

  • Race: Terran Terran
  • League: Silver

VOD

Have the link to the VOD?

Description

NERF

Time

  • Played on: March 13, 2016, 4:23 p.m.
  • Length: 6:02
Show
View Real Time Build Order
Export as new Build Order

Organic Zerg 

Build Orders: Hatch First 

Get SALT Encoding   

  12  0:02  Drone  
  13  0:12  Overlord  
  13  0:18  Drone  
  14  0:30  Drone  
  14  0:31  Drone  
  16  0:41  Drone  
  17  0:48  Drone  
  18  0:59  Drone  
  18  1:02  Hatchery  
  18  1:14  Spawning Pool  
  18  1:16  Drone  
  18  1:20  Extractor  
  18  1:21  Drone  
  18  1:33  Drone  
  19  2:07  Drone x3  
  22  2:13  Queen  
  22  2:14  Extractor  
  24  2:17  Queen  
  26  2:35  Hatchery  
  25  2:39  Drone  
  25  2:40  Drone  
  25  2:41  Drone  
  25  2:43  Overlord  
  28  3:01  Queen  
  30  3:24  Drone x6  
  30  3:25  Overlord  
  36  3:42  Metabolic Boost  
  36  3:43  Zergling x2  
  36  3:44  Zergling x2  
  38  3:49  Drone x5  
  38  3:53  Extractor x2  
  41  4:00  Queen  
  43  4:03  Queen  
  43  4:09  Drone  
  46  4:10  Drone x4  
  46  4:12  Overlord x2  
  50  4:24  Extractor  
  50  4:26  Drone  
  50  4:30  Drone x4  
  50  4:31  Drone x5  
  42  5:20  Queen  
Show
View Real Time Build Order
Export as new Build Order

CaptNiebla Terran - Winner!

Build Orders: Liberator Opening 

Get SALT Encoding   

  12  0:01  SCV  
  13  0:13  SCV  
  14  0:21  Supply Depot  
  14  0:25  SCV  
  15  0:31  Refinery  
  15  0:45  Barracks  
  15  0:47  SCV  
  16  0:59  SCV  
  18  1:11  SCV  
  18  1:18  Refinery  
  18  1:23  SCV  
  19  1:35  Reaper  
  20  1:47  SCV  
  20  1:52  Factory  
  21  1:59  SCV  
  22  2:09  Supply Depot  
  22  2:19  Command Center  
  22  2:21  Barracks Reactor  
  22  2:23  SCV  
  23  2:41  Starport, Widow Mine  
  25  3:02  Liberator  
  25  3:10  Marine x2  
  27  3:13  Factory Tech Lab  
  30  3:22  Orbital Command  
  30  3:28  Marine  
  31  3:37  Marine  
  35  3:46  Marine  
  35  3:47  Barracks  
  33  3:50  Supply Depot  
  33  4:03  Refinery  
  33  4:07  SCV  
  34  4:10  Refinery  
  34  4:12  SCV  
  35  4:19  Marine  
  35  4:21  Starport Reactor  
  36  4:38  Orbital Command  
  36  4:40  Marine x2  
  38  4:54  SCV  
  38  4:58  Marine x2  
  38  4:59  Medivac x2  
  45  5:00  Barracks Tech Lab  
  45  5:12  Siege Tank  
  48  5:16  Marine x2  
  50  5:34  Marine x2  
  54  6:02  Supply Depot x2  
Tags
 
Add a new tag
Caveats
  • Supply blocks, unpowered buildings, or Contaminate may cause inaccurate times.
  • Supply counts are checked every 10 seconds.